 Dungeon Crawl Stone Soup version 0.27.1-15-g792fb953b9 (webtiles) character file.

Game seed: 173487032066334470

49 zeram the Shield-Bearer (level 3, -1/33 HPs)
             Began as a Hill Orc Fighter on Nov 19, 2021.
             Succumbed to an adder's poison
             ... on level 2 of the Dungeon.
             The game lasted 00:01:42 (1638 turns).

zeram the Shield-Bearer (Hill Orc Fighter)          Turns: 1638, Time: 00:01:43

Health: -1/33      AC:  7    Str: 19    XL:     3   Next: 75%
Magic:  3/3        EV:  7    Int:  8    God:
Gold:   62         SH:  9    Dex: 10    Spells: 2/2 levels left

rFire    . . .     SeeInvis .   a - +0 war axe
rCold    . . .     Faith    .   c - +0 kite shield
rNeg     . . .     Spirit   .   b - +0 scale mail
rPois    .         Reflect  .   (no helmet)
rElec    .         Harm     .   (no cloak)
rCorr    .         Rampage  .   (no gloves)
Will     .....                  (no boots)
Stlth    ..........             (no amulet)
HPRegen  0.11/turn              (no ring)
MPRegen  0.08/turn              (no ring)

@: lethally poisoned (-1 -> -6)
A: no striking features
a: no special abilities


You were on level 2 of the Dungeon.
You visited 1 branch of the dungeon, and saw 2 of its levels.

You collected 62 gold pieces.

Inventory:

Hand Weapons
 a - a +0 war axe (weapon)
Armour
 b - a +0 scale mail (worn)
 c - a +0 kite shield (worn)
Scrolls
 e - a scroll of summoning {unknown}
Potions
 d - 2 potions of might
 g - a potion of haste
 h - a potion of curing


   Skills:
 + Level 3.9 Fighting
 + Level 3.4 Axes
 + Level 3.7 Armour
 + Level 0.4 Dodging
 + Level 3.9 Shields


You had 2 spell levels left.
You didn't know any spells.
Your spell library contained the following spells:

 Spells                   Type           Power      Damage    Failure   Level
 Passwall                 Tmut/Erth      0%         N/A       100%        2
 Swiftness                Air            0%         N/A       100%        3
 Invisibility             Hex            0%         N/A       100%        6


Dungeon Overview and Level Annotations

Branches:
Dungeon (2/15)

Altars:


Message History

You miss the adder.
The adder is heavily wounded.
You feel sick. The adder bites you but does no damage. The adder bites you.
You are more poisoned.
The adder poisons you!
You are too injured to fight recklessly!
You are too injured to fight recklessly!
You are too injured to fight recklessly!
You are too injured to fight recklessly!
You are too injured to fight recklessly!
You are too injured to fight recklessly!
You are too injured to fight recklessly!
You are too injured to fight recklessly!
You are too injured to fight recklessly!
You are too injured to fight recklessly!
You are too injured to fight recklessly!
You are too injured to fight recklessly!
You are too injured to fight recklessly!
You are too injured to fight recklessly!
You are too injured to fight recklessly!
You are too injured to fight recklessly!
You are too injured to fight recklessly!
You are too injured to fight recklessly!
You are too injured to fight recklessly!
You are too injured to fight recklessly!
You are too injured to fight recklessly!
You are too injured to fight recklessly!
You barely miss the adder.
The adder is heavily wounded.
You feel very sick. You block the adder's attack. x2
You hit the adder but do no damage.
The adder is heavily wounded.
You feel sick. The adder bites you.
* * * LOW HITPOINT WARNING * * *
The adder bites you.
* * * LOW HITPOINT WARNING * * *
You closely miss the adder.
The adder is heavily wounded.
You die...

#.......)######.####.###.#
#........................#
#.........######.###...#.##
#.........# . #........
#.........# #........
#.........# #.(###.##
#.........# #........
#######+#.######..#.####.##
#.@.....#....).....
#..S....#.#.####.##
#.......# #.# #.......# #.#
#.......# #.# #.......+ #.#
#.......# #.# .#......# .#


You could see an adder.

Vanquished Creatures
  An adder (D:2)
  2 dart slugs (D:1)
  5 bats (D:1)
  3 endoplasms
  A giant cockroach (D:2)
  A goblin (D:1)
  3 hobgoblins
  4 jackals (D:1)
  4 kobolds
  2 quokkas (D:1)
  3 ball pythons
  A frilled lizard (D:1)
  2 rats (D:1)
32 creatures vanquished.

Notes
Turn   | Place    | Note
-------+----------+-------------------------------------------
     0 | D:1      | zeram the Hill Orc Fighter began the quest for the Orb.
     0 | D:1      | Reached XP level 1. HP: 19/19 MP: 1/1
   237 | D:1      | Reached XP level 2. HP: 27/27 MP: 2/2
   696 | D:1      | Reached XP level 3. HP: 23/33 MP: 3/3
  1398 | D:2      | Found a faded altar of an unknown god.
  1637 | D:2      | HP: 1/33 [adder (3)]
  1638 | D:2      | Succumbed to an adder's poison

Illustrated notes

Levels and vault maps discovered:
D:1:      scummos_arrival_forest, layout_basic, moated_statue
D:2:      layout_basic, basic_ecumenical_altar

Skill      XL: |  1  2 |
---------------+-------+-----
Axes           | 3 |  3.4
Fighting       | |  3.9
Armour         | |  3.7
Dodging        | |  0.4
Shields        | |  3.9

Action                   || total
-------------------------++-------
Melee: War axe           ||    89
  Use: Scroll            ||     3
Armor: Scale mail        ||    48
Dodge: Dodged            ||    30
Block: Kite shield       ||    57
